Cogmind - Beta 15 @@@ ROGUE MODE // 2025.06.13 @ 10:30:16 Player: Carbonated Result: Destroyed by G-47 Trooper with Particle Gun Performance ------------- Evolutions (0) 0 Regions Visited (1) 200 Robots Destroyed (1) 5 Value Destroyed (34) 34 Prototype IDs (0) 0 Alien Tech Used (0) 0 Bonus (0) 0 TOTAL SCORE: 239 Bonus ------- None Cogmind --------- Core Integrity 0/250 Matter 140/300 Energy 100/100 System Corruption 0% Temperature Cool (9) Movement Core (1350) Ox26 Location -10/Materials Parts ------- > --- POWER (1) -------- (None) > --- PROPULSION (2) --- (None) > --- UTILITY (2) ------ Huge Storage Unit Seismic Detector > --- WEAPON (2) ------- (None) > --- INVENTORY (25) --- Light Ion Engine Peak State ------------ > --- POWER ------------ Light Ion Engine > --- PROPULSION ------- Light Treads Light Treads > --- UTILITY ---------- Huge Storage Unit Seismic Detector > --- WEAPON ----------- Assault Rifle Assault Rifle > --- INVENTORY -------- Light Ion Engine Small Storage Unit Medium Laser [Rating: 7] Favorites ----------- Power Light Ion Engine Engine Light Ion Engine Propulsion Light Treads Treads Light Treads Utility Huge Storage Unit Device Seismic Detector Storage Huge Storage Unit Weapon Assault Rifle Ballistic Gun Assault Rifle Build | -11 -10 ------- Run | Yrd Mat Slots Evolved . | . . Power . | . . Propulsion . | . . Utility . | . . Weapon . | . . Parts Attached 8 | 6 2 Power 1 | 1 . Engine 1 | 1 . Core . | . . Reactor . | . . Propulsion 2 | 2 . Treads 2 | 2 . Leg . | . . Wheel . | . . Hover . | . . Flight . | . . Utility 3 | 1 2 Device 1 | . 1 Storage 2 | 1 1 Processor . | . . Hackware . | . . Protection . | . . Artifact . | . . Weapon 2 | 2 . Energy Gun . | . . Energy Cannon . | . . Ballistic Gun 2 | 2 . Ballistic Cannon . | . . Launcher . | . . Special Weapon . | . . Impact Weapon . | . . Slashing Weapon . | . . Piercing Weapon . | . . Special Melee Weapon . | . . Unidentified Prototypes . | . . Parts Lost 5 | . 5 Power 1 | . 1 Propulsion 2 | . 2 Utility . | . . Weapon 2 | . 2 Highest Loss Streak 5 | . 5 To Critical Strikes . | . . Average Backups 1 | 2 1 Power . | . 1 Propulsion . | . . Utility . | . . Weapon . | . . Tool/Special . | . . Unused Backups 2 | . 2 Power 1 | . 1 Propulsion . | . . Utility . | . . Weapon 1 | . 1 Tool/Special . | . . Average Slot Usage (%) 91 | . 91 Engine 12 | . 12 Treads 26 | . 26 Device 11 | . 11 Storage 14 | . 14 Ballistic Gun 24 | . 24 Peak Build Rating 7 | 6 7 Average Rating 5 | 3 6 On Entrance 3 | . 6 Naked Turns . | . . Heaviest Build 88 | 12 88 Greatest Support 40 | 40 40 Greatest Overweight (x) 4 | . 4 Average Overweight (x) . | . 1 Largest Inventory Capacity 25 | 8 25 Average Capacity 19 | 6 22 Most Carried 5 | 5 4 Average Carried 1 | 2 1 Final Capacity 25 | 8 25 Final Carried 2 | 2 1 Class Distribution -------------------- 100% | Mutant Dominant Class ---------------- Mutant | -10/Materials Resources | -11 -10 ----------- Run | Yrd Mat Matter Collected 173 | 130 43 Remotely . | . . Salvage Created 43 | . 43 Parts 2 | . 2 Haulers Intercepted . | . . Recyclers Shooed . | . . Parts Field Recycled . | . . Retrieved Matter . | . . Parts Self-Destructed . | . . Prevented . | . . Kills | -11 -10 ------- Run | Yrd Mat Combat Hostiles Destroyed 1 | . 1 Guns 1 | . 1 Classes Destroyed 1 | . 1 Grunt 1 | . 1 Best Kill Streak 1 | . 1 Combat Bots Only 1 | . 1 Max Kills in Single Turn 1 | . 1 Gunslinging . | . . Exploded . | . . Melee . | . . Uniques/NPCs Destroyed . | . . Combat | -11 -10 -------- Run | Yrd Mat Hostile Shots Fired 102 | . 102 Missed 30 | . 30 Hits 72 | . 72 Projectile 72 | . 72 Damage Taken 924 | . 924 Core 256 | . 256 Absorbed by Shields . | . . Core Remaining (%) 100 | 100 . Volleys Fired 15 | . 15 Largest 2 | . 2 Hottest 40 | . 40 Shots Fired 26 | . 26 Gun 26 | . 26 Cannon . | . . Launcher . | . . Special . | . . Kinetic 26 | . 26 Thermal . | . . Explosive . | . . Electromagnetic . | . . Robot Hit Streak 12 | . 12 Robot Miss Streak 4 | . 4 Penetration Max . | . . Secondary Targets . | . . Shots Hit Robots 20 | . 20 Core Hits 3 | . 3 Critical Kills . | . . Critical Parts Destroyed . | . . Critical Strikes . | . . Melee Attacks . | . . Impact . | . . Slashing . | . . Piercing . | . . Sneak Attacks . | . . Combat Hostiles . | . . Follow-up Attacks . | . . Damage Inflicted 252 | . 252 Guns 252 | . 252 Cannons . | . . Explosions . | . . Melee . | . . Ramming . | . . Kinetic 252 | . 252 Thermal . | . . Explosive . | . . Electromagnetic . | . . Impact . | . . Slashing . | . . Piercing . | . . Highest Corruption . | . . Average Corruption . | . . Corruption Purged . | . . Corruption Blocked . | . . Overload Shots . | . . Overflow Damage . | . . Projectiles . | . . Explosions . | . . Melee . | . . Knockbacks . | . . Impact . | . . Kinetic . | . . Secondary . | . . Self-Inflicted Damage . | . . Shots . | . . Rammed . | . . Targets Rammed . | . . Kicked . | . . Crushed . | . . Highest Temperature 2 | . 2 Average Temperature 2 | . 2 Received Heat Transfer 513 | . 513 Siege Activations . | . . Martial Activations . | . . Shielding Activations . | . . Robots Disrupted . | . . Combat Hostiles . | . . Robots Corrupted . | . . Combat Hostiles . | . . Parts Fried . | . . Impact Corruptions . | . . Robots Melted . | . . Combat Hostiles . | . . Parts Melted . | . . Heat Transferred . | . . Parts Sabotaged . | . . Parts Stolen . | . . Parts Stripped . | . . Power Chain Reactions . | . . Alert | -11 -10 ------- Run | Yrd Mat Maximum Alert Level . | . . Low Security (%) 100 | 100 100 Level 1 . | . . Level 2 . | . . Level 3 . | . . Level 4 . | . . Level 5 . | . . High Security . | . . Max Security . | . . Peak Influence 36 | . 36 Initial . | . . Average 3 | . 4 Influence Increases 51 | . 51 Destroy 0b10 Robot/C 20 | . 20 Destroy Structure 1 | . 1 Lose Combat Pursuer 30 | . 30 Influence Decreases 36 | . 36 Time Decay 36 | . 36 Squads Dispatched 2 | . 2 Investigation 1 | . 1 Extermination . | . . Reinforcement 1 | . 1 Assault . | . . Garrison . | . . Intercept . | . . Searches Triggered . | . . Construction Impeded . | . . Haulers Reinforced . | . . Active Scanning Responses . | . . Cargo Convoy Interrupts . | . . Stealth | -11 -10 --------- Run | Yrd Mat Distress Signals . | . . Communications Jammed . | . . Distress Signals . | . . Times Spotted 8 | . 8 Peak Tracking Total 4 | . 4 Tactical Retreats 2 | . 2 Traps | -11 -10 ------- Run | Yrd Mat Traps Triggered . | . . Indirectly . | . . Trap Hack Attempts . | . . Triggered . | . . Disarmed . | . . Reprogrammed . | . . Reused . | . . Traps Extracted . | . . Installed . | . . Triggered . | . . Machines | -11 -10 ---------- Run | Yrd Mat Machines Disabled . | . . Max in Single Turn . | . . Machines Repaired . | . . Machines Dismantled . | . . Machines Sabotaged . | . . Overloaded Fab Kills . | . . Hacking | -11 -10 --------- Run | Yrd Mat Machines Accessed 1 | . 1 Terminals 1 | . 1 Fabricators . | . . Repair Stations . | . . Recycling Units . | . . Scanalyzers . | . . Garrison Access . | . . Total Hacks 2 | . 2 Successful . | . . Failed 2 | . 2 Catastrophic 2 | . 2 Database Lockouts . | . . Manual 2 | . 2 Terminals 2 | . 2 Fabricators . | . . Repair Stations . | . . Recycling Units . | . . Scanalyzers . | . . Garrison Access . | . . Terminal Hacks . | . . Fabricator Hacks . | . . Repair Station Hacks . | . . Recycling Unit Hacks . | . . Scanalyzer . | . . Garrison Access Hacks . | . . Unauthorized Hacks . | . . Terminals . | . . Fabricators . | . . Repair Stations . | . . Recycling Units . | . . Scanalyzers . | . . Garrison Access . | . . Data Cores Recovered . | . . Used . | . . Hacking Detections 1 | . 1 Full Trace Events 1 | . 1 Feedback Events . | . . Feedback Blocked . | . . Robot Schematics Acquired . | . . Robots Built . | . . Authchips . | . . Time . | . . Total Robot Build Rating . | . . Part Schematics Acquired . | . . Parts Built . | . . Authchips . | . . Time . | . . Total Part Build Rating . | . . Parts Repaired . | . . Time . | . . Parts Recycled . | . . Recycled Matter . | . . Retrieved Matter . | . . Retrieved Components . | . . Parts Scanalyzed . | . . Part Schematics Acquired . | . . Parts Damaged . | . . Bothacking | -11 -10 ------------ Run | Yrd Mat Used RIF Installer . | . . Robots Hacked . | . . Non-combat . | . . Combat . | . . Robot Hacks Applied . | . . Relay Couplers Released . | . . Fabnet Peak Effective % . | . . Robots Rewired . | . . Allies Hacked . | . . Hacks Repelled . | . . Allies | -11 -10 -------- Run | Yrd Mat Total Allies . | . . Largest Group . | . . Highest-Rated Group . | . . Highest-Rated Ally . | . . Total Orders . | . . Ally Attacks . | . . Total Damage . | . . Kills . | . . Allies Corrupted . | . . Allies Melted . | . . Intel | -11 -10 ------- Run | Yrd Mat Active Infowar (turns) 290 | . 290 Seismic 290 | . 290 Robot Analysis Total . | . . Derelict Logs Recovered . | . . Drone Launches . | . . Drone Recoveries . | . . Exploration | -11 -10 ------------- Run | Yrd Mat Turns Passed 407 | 71 336 Spaces Moved 148 | 57 91 Core 30 | 30 . Treads 118 | 27 91 Legs . | . . Wheels . | . . Hover . | . . Flight . | . . Fastest Speed 50 | 50 160 Average Speed 209 | 102 276 Slowest Speed 480 | 160 480 Overloaded Moves . | . . Propulsion Burnouts . | . . Robots Hopped . | . . Potential Cave-ins . | . . Cave-ins Triggered . | . . Exploration Rate (%) 8 | 3 14 Regions Visited 1 Branch Regions . Pre-discovered Areas . | . . Known Exits Taken . | . . Unknown Exits Taken 1 | 1 . Scrap Searched . | . . Spaces Dug . | . . Terrain Destroyed . | . . Melee . | . . Projectile . | . . AOE . | . . Terrain Rammed . | . . Walls Destroyed . | . . Machines Disabled . | . . Actions | -11 -10 --------- Run | Yrd Mat Total 220 | 70 150 Wait 38 | . 38 Move 147 | 56 91 Hop . | . . Pick Up 10 | 8 2 Fast Attach . | . . Attach 7 | 6 1 Detach . | . . Swap 1 | . 1 Drop 2 | . 2 Fire 15 | . 15 Melee . | . . Ram . | . . Kick . | . . Crush . | . . Escape Stasis . | . . Rewire . | . . Trap . | . . Miscellaneous . | . . Route ------- -11/Scrapyard -10/Materials History --------- Turn | Location | Event 13 | -11/Scrapyard | Discovered new exit (range 15) 72 | -11/Scrapyard | Entered Materials 311 | -10/Materials | Build established: Mutant 394 | -10/Materials | Core integrity fell below 50% 403 | -10/Materials | Core integrity fell below 20% 408 | -10/Materials | Destroyed by G-47 Trooper with Particle Gun Last Messages --------------- K-01 Serf collects debris. Acquired 43 matter. K-01 Serf collects debris. R-06 Scavenger collects Sml. Storage Unit. K-01 Serf collects debris. R-06 Scavenger collects Med. Laser. K-01 Serf collects debris. K-01 Serf cleans the Atomic Centrifuge. K-01 Serf collects debris. K-01 Serf cleans the Atomic Centrifuge. Assault Rifle destroyed. G-34 Mercenary destroyed. Lgt. Ion Engine destroyed. Assault Rifle destroyed. U-05 Engineer builds a Door. Lgt. Treads destroyed. K-01 Serf collects debris. Lgt. Treads destroyed. K-01 Serf collects debris. K-01 Serf cleans the Atomic Centrifuge. Map ----- +----------------------------------------------------+ | ?????????????????????????????????????????????????? | | ?????????????????????????????????????????????????? | | ?????????????????????????????????????????????????? | | ?????????????????????????????????????????????????? | | ?????????????????????????????????????????????????? | | ?????????????????????????????????????????????????? | | ?????????????????????????????????????????????????? | | ???????????????????????????????????# ##??????????? | | ??????????????????????????????????? ??????????? | | ???????????????????????????????##?? ??????????? | | ???????????????????????????????"""# ??????????? | | ???????????????????????????####"T"# #??????????? | | ???????????????????????????# #??????????? | | ???????????????????????????# #??????????? | | ???????????????????????????# T g #??????????? | | ???????????????????????????#^ #??????????? | | ???????????????????????????# ####????????? | | ???????????????????????????# u """ """#????????? | | ???????????????????????????# """ R"#????????? | | ????????????##########?????# ! """ """#????????? | | ????????????# ####### #???????????? | | ????????????# !!! # # % #???????????? | | ????????????# !!! # gk""" #???????????? | | ????????????# ! /g """ #???????????? | | ????????????# #g """ #???????????? | | ????????????#" """ # @ ### #???????????? | | ????????????#T """ ## ##?# #???????????? | | ????????????#" """ ## #??#! """ #???????????? | | ????????????# ## #??# """ !#???????????? | | ????????????########### #??# """ #???????????? | | ??????????????????????# #??# #???????????? | | ??????????????????????# #??# #???????????? | | ??????????????????????# #??# """ #???????????? | | ??????????????????????# #??# """ #???????????? | | ??????????????????????# #??# """ #???????????? | | ??????????????????????# #??# #???????????? | | ??????????????????????#####??# #???????????? | | ?????????????????????????????#########???????????? | | ?????????????????????????????????????????????????? | | ?????????????????????????????????????????????????? | | ?????????????????????????????????????????????????? | | | | | | | | | | | | | | | | | | | +----------------------------------------------------+ Best States ------------- Heat Dissipation 25 Energy Generation 10 Energy Capacity 125 Matter Stores 177 Matter Capacity 300 Sight Range 16 Terrain Scan Density 10 Evasion (%) 50 Recoil Reduction 2 Item Schematics ----------------- None Robot Schematics ------------------ None Fabricated ------------ Nothing Repaired ---------- Nothing Alien Tech Used ----------------- None Achievements -------------- None Challenges ------------ None Game ------ Seed ArmoredFusionBallwheel Manual? 0 Play Time 00:04:17 Cumulative 1.3 hours Start 2025.06.13 @ 10:27:19 End 2025.06.13 @ 10:30:16 Sessions 1 Manual Loads 0 Difficulty Rogue Special Mode None Game No. 6 Rogue 6 Adventurer 0 Explorer 0 Win Type - Total 0 Types 0/0/0/0/0/0/0/0/0/0 Lore% 2 Gallery% 4 Achievement% 8 Wizard Run 0 Options --------- Layout 2 ASCII 0 Keyboard 1 Movement Numpad Keybinds 0 Fullscreen 1 Font 24/Smallcaps Map View 50x44 Zoom Use 0% Tactical HUD 0 Map Filters NONE Filters NONE Steam 1 RUN: e50d1a5e-22fb-4fc1-986b-789be7504d69